 Dungeon Crawl Stone Soup version 0.28.0-53-g5a82cb258f (webtiles) character file.

Game seed: 9713178975471021657

20146 Cykl0x the Geomancer (level 12, -4/63 HPs)
             Began as a Gargoyle Earth Elementalist on May 30, 2022.
             Was a Priest of Vehumet.
             Slain by a meliai
             ... wielding a +0 war axe
              (7 damage)
             ... on level 15 of the Dungeon.
             The game lasted 00:26:16 (13720 turns).

Cykl0x the Geomancer (Gargoyle Earth Elementalist) Turns: 13720, Time: 00:26:16

Health: -4/63      AC: 24    Str: 18    XL:     12   Next: 76%
Magic:  32/36      EV: 11    Int: 23    God:    Vehumet [***...]
Gold:   823        SH:  0    Dex: 10    Spells: 16/34 levels left

rFire   . . .      SeeInvis .   K - +1 quarterstaff (vorpal)
rCold   . . .      Faith    .   (shield currently unavailable)
rNeg    + . .      Spirit   .   A - +5 ring mail of Eternal Vigilance {Harm Int+4}
rPois   ∞          Reflect  .   P - +1 helmet
rElec   +          Harm     +   O - +0 cloak {Stlth+}
rCorr   +          Rampage  .   (no gloves)
Will    .....                   f - +0 pair of boots
Stlth   ++........              a - amulet of magic regeneration
HPRegen 0.20/turn               b - ring of magical power
MPRegen 0.65/turn               F - ring of resist corrosion

@: no status effects
A: sickness immunity, AC +8, negative energy resistance 1, electricity
resistance, torment resistance 1, petrification resistance, strong 2, MP-powered
wands
a: Renounce Religion


You were on level 15 of the Dungeon.
You worshipped Vehumet.
Vehumet was most pleased with you.
You visited 2 branches of the dungeon, and saw 14 of its levels.
You also visited: Sewer.

You collected 1137 gold pieces.
You spent 314 gold pieces at shops.

Inventory:

Hand Weapons
 d - a +1 vorpal mace
 o - a +0 morningstar
 w - a +2 quarterstaff of chaos
 K - a +1 vorpal quarterstaff (weapon)
Missiles
 c - 160 stones
 p - a throwing net
Armour
 e - a +0 helmet
 f - a +0 pair of boots (worn)
 x - a +0 cloak
 A - the +5 ring mail of Eternal Vigilance (worn) {Harm Int+4}
   (You found it on level 11 of the Dungeon)

   Int:       It affects your intelligence (+4).
   Harm:      It increases damage dealt and taken.
 H - +1 steam dragon scales
 O - a +0 cloak of stealth (worn)
 P - a +1 helmet (worn)
Magical Staves
 C - a staff of air
Jewellery
 a - an amulet of magic regeneration (around neck)
 b - a ring of magical power (left hand)
 g - a ring of wizardry
 q - an amulet of regeneration
 F - a ring of resist corrosion (right hand)
 N - a ring of ice
Wands
 l - a wand of paralysis (14)
 y - a wand of flame (22)
 z - a wand of iceblast (15)
 J - a wand of acid (5)
 L - a wand of polymorph (9)
 M - a wand of digging (1)
Scrolls
 i - 4 scrolls of fog
 j - a scroll of enchant weapon
 k - 2 scrolls of teleportation
 B - 2 scrolls of fear
 E - 4 scrolls of blinking
 G - a scroll of enchant armour
Potions
 h - 4 potions of curing
 m - 3 potions of heal wounds
 n - a potion of brilliance
 r - 6 potions of flight
 s - 2 potions of mutation
 t - 3 potions of attraction
 u - 2 potions of invisibility
 v - 2 potions of magic
 D - a potion of cancellation
 I - 2 potions of lignification


   Skills:
 + Level 2.3 Fighting
 + Level 2.3(2.8) Maces & Flails
 + Level 2.2(2.8) Staves
 + Level 4.7 Armour
 + Level 3.3 Dodging
 - Level 2.1 Stealth
 + Level 11.5 Spellcasting
 * Level 10.7 Conjurations
 - Level 0.7 Transmutations
 + Level 0.5 Air Magic
 + Level 14.0 Earth Magic
 + Level 1.0 Poison Magic


You had 16 spell levels left.
You knew the following spells:

 Your Spells              Type           Power      Damage    Failure   Level
a - Sandblast             Erth           100%       2d20      1%          1
b - Stone Arrow           Conj/Erth      100%       3d13      1%          3
c - Magic Dart            Conj           100%       1d8       1%          1
d - Mephitic Cloud        Conj/Pois/Air  32%        N/A       1%          3
e - Foxfire               Conj/Fire      100%       2x1d9     1%          1
f - Passwall              Tmut/Erth      39%        N/A       1%          2
g - Poisonous Vapours     Pois/Air       34%        N/A       2%          2
h - Lee's Rapid Deconstr  Erth           33%        3d18*     1%          5

Your spell library contained the following spells:

 Spells                   Type           Power      Damage    Failure   Level
 Scorch                   Fire           26%        2d6       3%          2
 Shock                    Conj/Air       100%       1d9       1%          1
 Fulminant Prism          Conj/Hex       19%        3d11      2%          4
 Hailstorm                Conj/Ice       38%        3d9       2%          4
 Iskenderun's Mystic Bla  Conj/Tloc      38%        2d9       2%          4
 Petrify                  Tmut/Erth      47%        N/A       3%          4
 Leda's Liquefaction      Hex/Erth       22%        N/A       4%          4
 Beastly Appendage        Tmut           32%        N/A       6%          1
 Slow                     Hex            52%        N/A       9%          1
 Wereblood                Tmut           16%        N/A       9%          2
 Corpse Rot               Necr/Air       28%        N/A       11%         2
 Call Imp                 Summ           13%        N/A       12%         2
 Spider Form              Tmut/Pois      17%        N/A       17%         3
 Airstrike                Air            8%         N/A       17%         4
 Swiftness                Air            16%        N/A       19%         3
 Confusing Touch          Hex            13%        N/A       24%         3
 Vampiric Draining        Necr           13%        2d6       24%         3
 Ice Form                 Ice/Tmut       14%        N/A       56%         4
 Dispel Undead            Necr           13%        3d9       63%         4
 Death Channel            Necr           6%         N/A       100%        6
 Simulacrum               Ice/Necr       6%         N/A       100%        6
 Statue Form              Tmut/Erth      Unusable   N/A       N/A         6

Dungeon Overview and Level Annotations

Branches:
Dungeon (12/15)            Temple (1/1) D:7            Lair (0/6) D:8
    Orc (0/2) D:12          Sewer (visited)

Altars:
Cheibriados
Dithmenos
Elyvilon
Fedhas
Gozag
Hepliaklqana
Kikubaaqudgha
Makhleb
Nemelex Xobeh
Okawaru
Ru
Sif Muna
Trog
Uskayaw
Vehumet
Yredelemnul
Zin
The Shining One

Shops:
D:3 ?:([*   D:12 [(


Innate Abilities, Weirdness & Mutations

You are immune to sickness and miasma.
Your stone body is resilient. (AC +8)
You are immune to poison.
You resist negative energy. (rN+)
You are resistant to electric shocks. (rElec)
You are resistant to unholy torment.
You are immune to petrification.
Your muscles are very strong. (Str +4)
You expend magic power (3 MP) to strengthen your wands.


Message History

The meliai barely misses you.
The orc is engulfed in noxious fumes.
The orc appears confused.
The orc barely misses you.
Casting: Mephitic Cloud (safe; 1% risk of failure)
Confirm with . or Enter, or press ? or * to list all spells.
Aiming: Mephitic Cloud (safe; 1% risk of failure)
Press: ? - help, Shift-Dir - straight line, p - orc The ball explodes into a vile cloud!
The stinking cloud engulfs the meliai but does no damage. x2
You hear a shout!
The meliai is engulfed in noxious fumes. x3
The meliai hits you with a +0 hand axe.
The meliai stings you but does no damage.
The meliai is engulfed in noxious fumes.
The orc is engulfed in noxious fumes.
The orc appears confused.
The orc closely misses the orc.
The meliai is engulfed in noxious fumes.
The meliai appears confused.
The meliai closely misses you. x2
The orc is engulfed in noxious fumes.
The orc appears confused.
The orc hits you but does no damage.
The orc closely misses itself.
The meliai is engulfed in noxious fumes.
Unknown command.
Casting: Mephitic Cloud (safe; 1% risk of failure)
Confirm with . or Enter, or press ? or * to list all spells.
You don't know that spell.
Unknown command.
Casting: Mephitic Cloud (safe; 1% risk of failure)
Confirm with . or Enter, or press ? or * to list all spells.
You don't know that spell.
The meliai mumbles some strange prayers to its god against you.
Something smites you!
* * * LOW HITPOINT WARNING * * *
The meliai is engulfed in noxious fumes.
The meliai appears confused.
The meliai hits the meliai with a +0 hand axe.
The meliai stings the meliai!
The meliai is poisoned.
The meliai poisons the meliai!
The meliai misses you. The meliai closely misses you.
The meliai hits you with a +0 war axe.
* * * LOW HITPOINT WARNING * * *
The meliai stings you.
You die...

........#
.........#
.........#
..o....^.#
.....☼☼..#
.....○☼☼.#
....oo☼☼.#
.....ooy@#
...C.○y○y#
##########


You could see an orc knight, a cyclops, an orc warrior, 3 meliai and 3 orcs.

Vanquished Creatures
  Fannar (D:12)
  Erica (D:8)
  6 two-headed ogres
  3 ugly things
  A manticore (D:11)
  A cyclops (D:12)
  Joseph (D:8)
  Maurice (D:11)
  2 centaur zombies (D:11)
  Maggie (D:8)
  An unseen horror (D:12)
  2 komodo dragons
  A kobold demonologist (D:11)
  3 trolls
  3 hornets
  Prince Ribbit (D:6)
  Grinder (D:6)
  3 slime creatures (D:8)
  4 wyverns
  Eustachio (D:6)
  A vampire (D:12)
  7 yaks
  A wraith (D:11)
  8 vampire mosquitoes
  A steam dragon (D:10)
  Menkaure (D:4)
  Edmund (D:6)
  2 acid dragons
  3 water moccasins
  5 ice beasts
  8 orc warriors
  An ogre (D:6)
  A necrophage (D:8)
  A centaur (D:11)
  A phantom (D:5)
  Blork the orc (D:4)
  17 kobold brigands
  3 bullfrogs
  2 scorpions (D:6)
  A water moccasin skeleton (D:6)
  11 killer bees
  3 howler monkeys (D:9)
  2 jellies (D:6)
  4 orc priests
  4 hounds
  Crazy Yiuf (D:4)
  3 bullfrog skeletons
  3 centaur skeletons
  A gnoll shaman (D:5)
  Ijyb (D:3)
  3 iguanas
  5 orc wizards
  A howler monkey skeleton (D:6)
  5 gnolls (D:5)
  5 adders
  2 river rats (Sewer)
  2 shadow imps
  An ufetubus (D:6)
  2 dart slugs (D:4)
  45 orcs
  6 ball pythons
  3 bats
  6 endoplasms
  5 giant cockroaches
  6 goblins
  5 hobgoblins
  8 jackals
  15 kobolds
  7 quokkas
  A frilled lizard (D:1)
  10 rats
280 creatures vanquished.

Vanquished Creatures (others)
  39 plants (D:8)
39 creatures vanquished.

Grand Total: 319 creatures vanquished

Notes
Turn   | Place    | Note
-------+----------+-------------------------------------------
     0 | D:1      | Cykl0x the Gargoyle Earth Elementalist began the quest for
                  | the Orb.
     0 | D:1      | Reached XP level 1. HP: 10/10 MP: 3/3
   211 | D:1      | Found Minushi's Magic Scroll Shop.
   216 | D:1      | Reached skill level 4 in Earth Magic
   216 | D:1      | Reached XP level 2. HP: 15/15 MP: 3/5
   470 | D:1      | Reached skill level 1 in Conjurations
   688 | D:1      | Found a faded altar of an unknown god.
   831 | D:2      | Reached XP level 3. HP: 19/19 MP: 3/6
   835 | D:2      | Learned a level 3 spell: Stone Arrow
  1586 | D:2      | Reached XP level 4. HP: 24/24 MP: 0/7
  1958 | D:3      | Noticed Ijyb
  1960 | D:3      | Found Rowiyseg's Magic Scroll Shop.
  1962 | D:3      | Killed Ijyb
  2041 | D:3      | Bought a scroll of magic mapping for 49 gold pieces
  2041 | D:3      | Bought a scroll of immolation for 49 gold pieces
  2085 | D:3      | Reached skill level 5 in Earth Magic
  2085 | D:3      | Reached XP level 5. HP: 28/28 MP: 0/9
  2296 | D:3      | Found Taetuunt's General Store.
  2362 | D:3      | Found Sorche Xeleys's Armour Shoppe.
  2442 | D:3      | Found Dutoth's Weapon Shop.
  3057 | D:3      | Found Zorummo's Book Boutique.
  3110 | D:4      | Noticed Menkaure
  3115 | D:4      | Killed Menkaure
  3116 | D:4      | Reached XP level 6. HP: 32/32 MP: 3/11
  3122 | D:4      | Found a glowing drain.
  3151 | Sewer    | Entered a sewer
  3583 | Sewer    | Reached skill level 1 in Maces & Flails
  3583 | Sewer    | Reached XP level 7. HP: 20/37 MP: 0/13
  3693 | Sewer    | Found a white marble altar of Elyvilon.
  3759 | D:4      | Reached skill level 6 in Earth Magic
  4123 | D:4      | Found a hazy altar of Hepliaklqana.
  4137 | D:4      | Noticed Blork the orc
  4142 | D:4      | Killed Blork the orc
  4453 | D:4      | Found a runed translucent door.
  4454 | D:4      | Noticed Crazy Yiuf
  4460 | D:4      | Killed Crazy Yiuf
  4609 | D:5      | Entered Level 5 of the Dungeon
  4788 | D:5      | Found a shimmering blue altar of Sif Muna.
  5201 | D:5      | Reached XP level 8. HP: 42/42 MP: 8/15
  5344 | D:5      | Reached skill level 5 in Spellcasting
  5464 | D:5      | Reached skill level 7 in Earth Magic
  5858 | D:6      | Noticed Prince Ribbit
  5865 | D:6      | Killed Prince Ribbit
  5866 | D:6      | Reached skill level 1 in Armour
  5866 | D:6      | Reached skill level 5 in Conjurations
  5966 | D:6      | Noticed Grinder
  5970 | D:6      | Killed Grinder
  5971 | D:6      | Reached skill level 1 in Fighting
  5971 | D:6      | Reached skill level 8 in Earth Magic
  6033 | D:6      | Noticed Eustachio
  6041 | D:6      | Killed Eustachio
  6042 | D:6      | Reached XP level 9. HP: 47/47 MP: 6/18
  6357 | D:3      | Bought a book of Minor Magic for 216 gold pieces
  6359 | D:3      | Learned a level 1 spell: Magic Dart
  6363 | D:3      | Learned a level 3 spell: Mephitic Cloud
  6421 | D:6      | Noticed Edmund
  6442 | D:6      | Killed Edmund
  6567 | D:6      | Found a burning altar of Makhleb.
  6734 | D:6      | Reached skill level 9 in Earth Magic
  7297 | D:6      | Identified the +1 robe "Uwowaec" {+Blink}
  7901 | D:7      | Reached skill level 10 in Earth Magic
  8084 | D:7      | Found a staircase to the Ecumenical Temple.
  8092 | Temple   | Entered the Ecumenical Temple
  8134 | Temple   | Became a worshipper of Vehumet
  8171 | D:7      | Reached XP level 10. HP: 38/52 MP: 11/21
  8853 | D:8      | Reached skill level 11 in Earth Magic
  8994 | D:8      | Noticed a two-headed ogre
  8999 | D:8      | Killed a two-headed ogre
  9039 | D:8      | Noticed Maggie
  9046 | D:8      | Killed Maggie
  9202 | D:8      | Noticed Joseph
  9240 | D:8      | Killed Joseph
  9414 | D:8      | Noticed Erica
  9572 | D:8      | Reached XP level 11. HP: 8/57 MP: 9/23
  9713 | D:8      | Found a basalt altar of Yredelemnul.
  9758 | D:8      | Noticed a two-headed ogre
  9762 | D:8      | Killed a two-headed ogre
  9763 | D:8      | Reached skill level 12 in Earth Magic
  9915 | D:8      | Found a staircase to the Lair.
 10120 | D:9      | Reached * piety under Vehumet
 10120 | D:9      | Offered knowledge of Foxfire by Vehumet.
 10128 | D:9      | Learned a level 1 spell: Foxfire
 10456 | D:8      | Killed Erica
 10460 | D:8      | Gained mutation: Your muscles are strong. (Str +2) [potion
                  | of mutation]
 10460 | D:8      | Gained mutation: Your muscles are very strong. (Str +4)
                  | [potion of mutation]
 10460 | D:8      | Gained mutation: You expend magic power (3 MP) to
                  | strengthen your wands. [potion of mutation]
 10566 | D:8      | Found a basalt altar of Yredelemnul.
 10846 | D:8      | Found a staircase to the Lair.
 11013 | D:9      | Learned a level 2 spell: Passwall
 11440 | D:10     | Entered Level 10 of the Dungeon
 11547 | D:10     | Reached ** piety under Vehumet
 11547 | D:10     | Offered knowledge of Poisonous Vapours by Vehumet.
 11548 | D:10     | Reached skill level 10 in Spellcasting
 11560 | D:10     | Learned a level 2 spell: Poisonous Vapours
 12145 | D:11     | Noticed a purple ugly thing
 12148 | D:11     | Killed a purple ugly thing
 12197 | D:11     | Identified the +3 leather armour of the Slorg {Rampage rF+
                  | rC+ Int-5}
 12315 | D:11     | Noticed a manticore
 12322 | D:11     | Killed a manticore
 12323 | D:11     | Reached skill level 1 in Staves
 12402 | D:11     | Noticed a two-headed ogre
 12409 | D:11     | Killed a two-headed ogre
 12437 | D:11     | Noticed a two-headed ogre
 12442 | D:11     | Killed a two-headed ogre
 12443 | D:11     | Reached skill level 13 in Earth Magic
 12443 | D:11     | Reached XP level 12. HP: 62/62 MP: 26/26
 12591 | D:11     | Identified the +5 ring mail of Eternal Vigilance {Harm
                  | Int+4}
 12686 | D:11     | Reached skill level 10 in Conjurations
 12696 | D:11     | Offered knowledge of Scorch by Vehumet.
 13056 | D:11     | Noticed Maurice
 13059 | D:11     | Killed Maurice
 13177 | D:12     | Found a staircase to the Orcish Mines.
 13177 | D:12     | Found Umuoh's Armour Emporium.
 13182 | D:12     | Noticed Fannar
 13187 | D:12     | Noticed a two-headed ogre
 13198 | D:12     | Killed Fannar
 13203 | D:12     | Killed a two-headed ogre
 13224 | D:12     | Reached skill level 1 in Poison Magic
 13282 | D:12     | Reached *** piety under Vehumet
 13491 | D:12     | Found Beufih's Weapon Boutique.
 13513 | D:12     | Learned a level 5 spell: Lee's Rapid Deconstruction
 13548 | D:12     | Noticed a two-headed ogre
 13552 | D:12     | Killed a two-headed ogre
 13593 | D:12     | Reached skill level 14 in Earth Magic
 13716 | D:12     | You fall into a shaft and drop 3 floors!
 13716 | D:15     | Entered Level 15 of the Dungeon
 13720 | D:15     | HP: 3/63 [meliai/+0 war axe (7)]
 13720 | D:15     | Slain by a meliai

Illustrated notes

Levels and vault maps discovered:
D:1:      evilmike_arrival_rings, layout_rooms, chequers_ecumenical_altar_grove,
          serial_shops, shop
D:2:      layout_loops_cross, minmay_pentomino_z2
D:3:      layout_basic, serial_shops, shop, shop_statue, nicolae_shop_trees,
          shop_coins, nicolae_shop_advertising_works
          [nicolae_subvault_shop_adworks], uniq_ijyb
D:4:      layout_cave_pools, mainiacjoe_overflow_tiny_flanked,
          portal_sewer_entry_f, uniq_blork_the_orc, uniq_crazy_yiuf_cottage,
          uniq_menkaure
D:5:      layout_loops_ring, nicolae_sif_muna_condensation, serial_glass,
          glass_columns_a, glass_columns_a, glass_columns_a, glass_columns_a,
          glass_columns_c, glass_columns_a, glass_columns_a, glass_columns_c,
          glass_columns_b, glass_columns_c, glass_columns_a, glass_columns_a,
          glass_columns_a, glass_columns_c
D:6:      layout_basic, mainiacjoe_overflow_catwalk, minmay_pentangle,
          uniq_eustachio, uniq_grinder, uniq_edmund, uniq_prince_ribbit1
D:7:      layout_loops_ring, minmay_temple_entry_statues_fountains, hex_large
D:8:      layout_loops_ring, mainiacjoe_overflow_surrounded_room,
          david_lair_shrubbed, uniq_erica, uniq_maggie, uniq_joseph
D:9:      layout_roguey, serial_glass, glass_columns_a, glass_columns_a,
          glass_columns_a, feat_on_display, minmay_strange_pillars,
          feat_on_display, due_unseen_surprise
D:10:     layout_roguey [special_room_orc]
D:11:     layout_grid_maze, special_room [special_room_kobold], uniq_maurice
D:12:     layout_long_grid, orc_david_3, serial_shops, shop, uniq_fannar
D:15:     hangedman_depths_entry_try_elsewhere_first, layout_long_grid,
          minmay_misc_feat_encased, uniq_jorgrun
Temple:   compressed_dpeg_circular_temple

Skill      XL: |  1  2  3  4  5  6  7  8  9 10 11 12 |
---------------+-------------------------------------+-----
Earth Magic    | 4 5 6 8 10 11 13 14 | 14.0
Conjurations   | 1 2 3 4 5 6 8 9 10 | 10.7
Spellcasting   | 3 4 6 7 8 10 11 | 11.5
Maces & Flails | 1 2 |  2.3
Dodging        | 2 3 |  3.3
Armour         | 1 2 4 |  4.7
Fighting       | 1 2 |  2.3
Staves         | 2 |  2.2
Poison Magic   | 1 |  1.0
Stealth        | |  2.1
Transmutations | |  0.7
Air Magic      | |  0.5

Action                   |  1- 3 |  4- 6 |  7- 9 | 10-12 || total
-------------------------+-------+-------+-------+-------++-------
Melee: Unarmed           |     2 |       |       |       ||     2
       Mace              |     9 |       |       |       ||     9
       Morningstar       |       |    33 |     5 |       ||    38
       Quarterstaff      |       |       |       |    18 ||    18
 Cast: Sandblast         |    33 |    33 |   109 |   185 ||   360
       Stone Arrow       |    10 |    31 |    65 |    92 ||   198
       Mephitic Cloud    |       |       |       |    17 ||    17
       Passwall          |       |       |       |     2 ||     2
Evoke: Wand              |       |       |     1 |       ||     1
  Use: Scroll            |       |     7 |     6 |     8 ||    21
       Potion            |       |       |     2 |     2 ||     4
 Stab: Paralysed         |       |       |     3 |       ||     3
Armor: Robe              |    14 |    15 |       |       ||    29
       Leather armour    |       |       |     7 |       ||     7
       Ring mail         |       |       |    34 |    78 ||   112
       Steam dragon scal |       |       |       |    32 ||    32
Dodge: Dodged            |    22 |    39 |    46 |    97 ||   204
